[ AOE2 MATCH · #481521027 ]
UnrankedWei vs Slavs
[ REPLAY ANALYSIS · EXTRACTED FROM THE RECORDED GAME ]
Feudal
12:07
Castle
25:29
Imperial
—
| APM avg | 12.5 |
| APM peak | 41 |
| eAPM avg | 9.8 |
| Villagers / military | 63 / 133 |
Focus
⚔️ 32.8% · 🌾 67.2%
Skirmisher ×90 · Spearman ×21 · Petard ×12 · Trade Cart ×9 · Scorpion ×7 · Mangonel ×2
Feudal
10:56
Castle
17:53
Imperial
—
| APM avg | 19.6 |
| APM peak | 73 |
| eAPM avg | 11.0 |
| Villagers / military | 73 / 34 |
Focus
⚔️ 32.7% · 🌾 67.3%
Battering Ram ×17 · Boyar ×15 · Mangonel ×2
Feudal
—
Castle
—
Imperial
—
| APM avg | 22.9 |
| APM peak | 69 |
| eAPM avg | 11.9 |
| Villagers / military | 112 / 48 |
Focus
⚔️ 16.2% · 🌾 83.8%
Spearman ×14 · Scorpion ×12 · Mangonel ×9 · Ballista Elephant ×5 · Militia ×4 · Trebuchet (Packed) ×4
Feudal
10:27
Castle
19:49
Imperial
40:37
| APM avg | 16.6 |
| APM peak | 42 |
| eAPM avg | 12.8 |
| Villagers / military | 97 / 97 |
Focus
⚔️ 20.8% · 🌾 79.2%
Archer ×67 · Camel Scout ×11 · Monk ×9 · Knight ×4 · Scorpion ×3 · War Elephant ×3
Match map
Initial resources + every placement click. Lines = walls · curves = elevation contours. ◆ gold · ⬟ stone · ● berries · ✦ relic · ◌ wall gap
Your base· ✓ Closed at 25:29 · 0t walls · 2 gate(s)
sxmyaiuttj's base· ✓ Closed at 17:53 · 0t walls · 2 gate(s)
XSoro2511's base· ✓ Closed at 16:24 · 0t walls · 4 gate(s)
Prabroro's base· ✓ Closed at 19:49 · 0t walls · 3 gate(s)
Smoothed initial terrain · ◌ = detected wall gap · hover for details
Inputs per minute
— DrLegend - - sxmyaiuttj
Build order — DrLegend
First 150 of 250 actions detected
| 0:01 | Create | Villager (Male) |
| 0:01 | Create | Villager (Male) |
| 0:02 | Create | Villager (Male) |
| 0:02 | Create | Villager (Male) |
| 0:06 | Build | House |
| 0:08 | Build | House |
| 1:46 | Build | Lumber Camp |
| 1:52 | Create | Villager (Male) |
| 1:53 | Create | Villager (Male) |
| 2:37 | Create | Villager (Male) |
| 2:38 | Create | Villager (Male) |
| 3:14 | Build | Mill |
| 3:19 | Create | Villager (Male) |
| 3:19 | Create | Villager (Male) |
| 3:46 | Create | Villager (Male) |
| 3:46 | Create | Villager (Male) |
| 3:47 | Create | Villager (Male) |
| 3:54 | Build | House |
| 4:11 | Create | Villager (Male) |
| 4:27 | Build | House |
| 4:29 | Build | House |
| 5:13 | Create | Villager (Male) |
| 5:43 | Create | Villager (Male) |
| 5:51 | Create | Villager (Male) |
| 8:07 | Create | Villager (Male) |
| 8:30 | Create | Villager (Male) |
| 8:40 | Build | Barracks |
| 9:57 | Research | Feudal Age |
| 9:57 | Research | Feudal Age |
| 10:13 | Build | Farm |
| 10:19 | Build | Farm |
| 10:42 | Create | Villager (Male) |
| 10:42 | Create | Villager (Male) |
| 10:42 | Create | Villager (Male) |
| 10:42 | Create | Villager (Male) |
| 10:43 | Create | Villager (Male) |
| 10:43 | Create | Villager (Male) |
| 10:43 | Create | Villager (Male) |
| 10:44 | Create | Villager (Male) |
| 12:07 | Age | Feudal Age |
| 12:17 | Research | Horse Collar |
| 12:37 | Build | Farm |
| 12:41 | Build | Farm |
| 13:04 | Build | Farm |
| 13:31 | Build | Farm |
| 13:40 | Research | Double-Bit Axe |
| 13:40 | Research | Double-Bit Axe |
| 13:51 | Build | Farm |
| 14:09 | Build | Farm |
| 14:18 | Build | Farm |
| 14:22 | Create | Villager (Male) |
| 14:23 | Create | Villager (Male) |
| 14:33 | Build | Mining Camp |
| 14:42 | Build | Blacksmith |
| 14:49 | Create | Villager (Male) |
| 14:49 | Create | Villager (Male) |
| 15:14 | Build | Market |
| 15:24 | Create | Villager (Male) |
| 15:32 | Build | Farm |
| 16:03 | Build | Farm |
| 16:06 | Research | Wheelbarrow |
| 16:23 | Create | Villager (Male) |
| 16:37 | Build | House |
| 16:38 | Build | House |
| 17:10 | Create | Trade Cart |
| 17:10 | Create | Trade Cart |
| 17:10 | Create | Trade Cart |
| 17:10 | Create | Trade Cart |
| 17:16 | Create | Villager (Male) |
| 17:38 | Research | Town Watch |
| 18:44 | Create | Trade Cart |
| 18:44 | Create | Trade Cart |
| 18:50 | Build | House |
| 18:51 | Build | House |
| 18:53 | Build | House |
| 18:58 | Build | Archery Range |
| 19:28 | Research | Gold Mining |
| 19:28 | Research | Gold Mining |
| 19:29 | Create | Villager (Male) |
| 19:29 | Create | Villager (Male) |
| 19:29 | Create | Villager (Male) |
| 19:30 | Create | Villager (Male) |
| 19:30 | Create | Villager (Male) |
| 19:30 | Create | Villager (Male) |
| 19:30 | Create | Villager (Male) |
| 19:31 | Create | Villager (Male) |
| 19:31 | Create | Villager (Male) |
| 19:31 | Create | Villager (Male) |
| 19:31 | Create | Villager (Male) |
| 19:32 | Create | Villager (Male) |
| 20:07 | Research | Scale Mail Armor |
| 20:19 | Create | Spearman |
| 20:23 | Build | House |
| 20:24 | Build | House |
| 20:25 | Build | House |
| 20:26 | Build | House |
| 20:27 | Build | House |
| 20:29 | Build | House |
| 20:30 | Build | House |
| 21:12 | Create | Spearman |
| 21:39 | Build | Mining Camp |
| 22:13 | Research | Castle Age |
| 22:35 | Research | Stone Mining |
| 22:35 | Research | Stone Mining |
| 22:38 | Create | Trade Cart |
| 22:41 | Create | Trade Cart |
| 22:41 | Create | Trade Cart |
| 23:58 | Build | Archery Range |
| 24:05 | Create | Skirmisher |
| 24:05 | Create | Skirmisher |
| 24:05 | Create | Skirmisher |
| 24:09 | Create | Spearman |
| 24:09 | Create | Spearman |
| 24:10 | Create | Spearman |
| 24:10 | Create | Spearman |
| 24:24 | Create | Villager (Male) |
| 24:29 | Create | Spearman |
| 24:32 | Create | Skirmisher |
| 24:32 | Create | Skirmisher |
| 24:34 | Research | Fletching |
| 24:56 | Research | Padded Archer Armor |
| 24:57 | Research | Padded Archer Armor |
| 25:29 | Age | Castle Age |
| 25:54 | Research | Caravan |
| 26:02 | Research | Elite Skirmisher (upgrade) |
| 26:48 | Build | Castle |
| 27:01 | Research | Gold Shaft Mining |
| 27:01 | Research | Stone Shaft Mining |
| 27:07 | Create | Skirmisher |
| 27:07 | Create | Skirmisher |
| 27:39 | Create | Villager (Male) |
| 27:39 | Create | Villager (Male) |
| 27:39 | Create | Villager (Male) |
| 27:39 | Create | Villager (Male) |
| 28:40 | Research | Tech 1061 |
| 29:16 | Create | Petard |
| 29:17 | Create | Petard |
| 29:17 | Create | Petard |
| 29:17 | Create | Petard |
| 29:29 | Build | Mining Camp |
| 29:33 | Create | Villager (Male) |
| 29:33 | Create | Villager (Male) |
| 29:33 | Create | Villager (Male) |
| 29:44 | Build | Monastery |
| 29:54 | Create | Skirmisher |
| 29:58 | Create | Spearman |
| 29:58 | Create | Spearman |
| 30:10 | Create | Villager (Male) |
| 30:19 | Build | Siege Workshop |
| 30:23 | Build | Barracks |
Build order — sxmyaiuttj
First 150 of 159 actions detected
| 0:03 | Build | House |
| 0:05 | Create | Villager (Male) |
| 0:05 | Create | Villager (Male) |
| 0:05 | Create | Villager (Male) |
| 0:11 | Create | Villager (Male) |
| 0:12 | Create | Villager (Male) |
| 0:29 | Build | House |
| 0:30 | Build | House |
| 1:29 | Create | Villager (Male) |
| 1:58 | Create | Villager (Male) |
| 2:31 | Create | Villager (Male) |
| 3:01 | Create | Villager (Male) |
| 3:30 | Create | Villager (Male) |
| 3:32 | Create | Villager (Male) |
| 3:59 | Create | Villager (Male) |
| 4:22 | Create | Villager (Male) |
| 4:32 | Build | Mill |
| 4:49 | Create | Villager (Male) |
| 4:56 | Build | House |
| 5:21 | Create | Villager (Male) |
| 6:02 | Create | Villager (Male) |
| 6:14 | Build | Lumber Camp |
| 6:39 | Create | Villager (Male) |
| 6:41 | Create | Villager (Male) |
| 7:10 | Create | Villager (Male) |
| 7:10 | Create | Villager (Male) |
| 7:10 | Create | Villager (Male) |
| 8:29 | Build | Mill |
| 8:46 | Research | Feudal Age |
| 9:15 | Build | House |
| 9:16 | Build | House |
| 9:35 | Build | Mining Camp |
| 10:52 | Create | Villager (Male) |
| 10:53 | Create | Villager (Male) |
| 10:56 | Age | Feudal Age |
| 11:11 | Build | Blacksmith |
| 11:13 | Research | Horse Collar |
| 11:30 | Build | Market |
| 11:34 | Create | Villager (Male) |
| 11:50 | Build | Farm |
| 12:16 | Build | Farm |
| 12:21 | Create | Villager (Male) |
| 12:22 | Create | Villager (Male) |
| 12:42 | Build | Farm |
| 12:46 | Build | Farm |
| 12:56 | Build | Farm |
| 12:57 | Create | Villager (Male) |
| 13:11 | Build | Farm |
| 13:17 | Build | Farm |
| 13:19 | Create | Villager (Male) |
| 13:27 | Build | Farm |
| 13:32 | Build | Farm |
| 13:37 | Build | Farm |
| 13:47 | Build | Farm |
| 13:58 | Create | Villager (Male) |
| 14:30 | Create | Villager (Male) |
| 14:37 | Build | Farm |
| 14:59 | Build | Farm |
| 15:13 | Research | Castle Age |
| 15:23 | Build | Mining Camp |
| 15:30 | Research | Stone Mining |
| 17:53 | Age | Castle Age |
| 18:21 | Create | Villager (Male) |
| 18:21 | Create | Villager (Male) |
| 18:21 | Create | Villager (Male) |
| 18:21 | Create | Villager (Male) |
| 18:22 | Create | Villager (Male) |
| 18:22 | Create | Villager (Male) |
| 18:22 | Create | Villager (Male) |
| 18:22 | Create | Villager (Male) |
| 18:56 | Build | Castle |
| 19:22 | Build | Palisade Wall |
| 19:31 | Build | Barracks |
| 19:39 | Build | Palisade Wall |
| 19:46 | Build | Palisade Wall |
| 21:01 | Build | Mining Camp |
| 21:26 | Research | Tech 455 |
| 21:34 | Create | Villager (Male) |
| 21:35 | Create | Villager (Male) |
| 21:35 | Create | Villager (Male) |
| 21:36 | Create | Villager (Male) |
| 21:37 | Create | Villager (Male) |
| 21:37 | Create | Villager (Male) |
| 21:47 | Create | Boyar |
| 21:53 | Build | Siege Workshop |
| 21:57 | Create | Boyar |
| 22:21 | Create | Battering Ram |
| 22:21 | Create | Battering Ram |
| 22:21 | Create | Battering Ram |
| 23:00 | Create | Battering Ram |
| 23:22 | Create | Villager (Male) |
| 23:22 | Create | Villager (Male) |
| 23:23 | Create | Villager (Male) |
| 23:23 | Create | Villager (Male) |
| 23:23 | Create | Villager (Male) |
| 23:23 | Create | Villager (Male) |
| 23:49 | Research | Double-Bit Axe |
| 24:29 | Create | Battering Ram |
| 24:41 | Create | Villager (Male) |
| 24:41 | Create | Villager (Male) |
| 24:42 | Create | Villager (Male) |
| 25:08 | Build | Castle |
| 25:18 | Create | Boyar |
| 26:10 | Create | Battering Ram |
| 26:12 | Create | Mangonel |
| 26:14 | Create | Mangonel |
| 26:46 | Create | Villager (Male) |
| 26:46 | Create | Villager (Male) |
| 26:47 | Create | Villager (Male) |
| 26:47 | Create | Villager (Male) |
| 27:13 | Create | Battering Ram |
| 27:14 | Create | Battering Ram |
| 28:11 | Build | Castle |
| 28:24 | Create | Battering Ram |
| 28:40 | Create | Villager (Male) |
| 28:40 | Create | Villager (Male) |
| 28:41 | Create | Villager (Male) |
| 28:45 | Create | Boyar |
| 30:04 | Create | Battering Ram |
| 30:06 | Create | Boyar |
| 30:07 | Create | Boyar |
| 30:07 | Create | Boyar |
| 30:16 | Create | Boyar |
| 30:16 | Create | Boyar |
| 30:56 | Build | Castle |
| 31:07 | Research | Fletching |
| 31:54 | Research | Bodkin Arrow |
| 32:16 | Create | Villager (Male) |
| 32:17 | Create | Villager (Male) |
| 32:17 | Create | Villager (Male) |
| 32:54 | Create | Battering Ram |
| 32:55 | Create | Battering Ram |
| 33:11 | Create | Battering Ram |
| 33:26 | Build | Lumber Camp |
| 33:34 | Build | Castle |
| 34:05 | Create | Boyar |
| 34:06 | Create | Boyar |
| 34:42 | Create | Villager (Male) |
| 34:42 | Create | Villager (Male) |
| 34:42 | Create | Villager (Male) |
| 34:43 | Create | Villager (Male) |
| 34:43 | Create | Villager (Male) |
| 35:46 | Build | Castle |
| 36:00 | Create | Boyar |
| 36:00 | Create | Boyar |
| 36:00 | Create | Boyar |
| 36:00 | Create | Boyar |
| 36:30 | Create | Villager (Male) |
| 36:30 | Create | Villager (Male) |
| 36:30 | Create | Villager (Male) |
Build order — XSoro2511
First 150 of 243 actions detected
| 0:02 | Create | Villager (Male) |
| 0:02 | Create | Villager (Male) |
| 0:03 | Create | Villager (Male) |
| 0:05 | Build | House |
| 0:14 | Research | Loom |
| 0:14 | Create | Villager (Male) |
| 0:15 | Create | Villager (Male) |
| 0:15 | Create | Villager (Male) |
| 0:52 | Build | House |
| 0:53 | Build | House |
| 0:54 | Build | House |
| 1:29 | Create | Villager (Male) |
| 2:16 | Create | Villager (Male) |
| 2:58 | Create | Villager (Male) |
| 3:03 | Create | Villager (Male) |
| 3:26 | Create | Villager (Male) |
| 4:17 | Create | Villager (Male) |
| 4:17 | Create | Villager (Male) |
| 4:18 | Create | Villager (Male) |
| 5:46 | Create | Villager (Male) |
| 5:46 | Create | Villager (Male) |
| 6:14 | Create | Villager (Male) |
| 6:14 | Create | Villager (Male) |
| 7:18 | Build | Mill |
| 7:36 | Create | Villager (Male) |
| 7:36 | Create | Villager (Male) |
| 7:37 | Create | Villager (Male) |
| 7:37 | Create | Villager (Male) |
| 8:03 | Create | Villager (Male) |
| 8:03 | Create | Villager (Male) |
| 8:21 | Build | House |
| 8:24 | Build | House |
| 9:21 | Research | Feudal Age |
| 9:42 | Build | House |
| 9:44 | Build | House |
| 9:45 | Build | House |
| 10:46 | Build | Lumber Camp |
| 11:11 | Create | Villager (Male) |
| 11:21 | Build | Mill |
| 11:28 | Build | House |
| 11:30 | Build | House |
| 11:31 | Build | House |
| 11:54 | Create | Villager (Male) |
| 11:54 | Create | Villager (Male) |
| 11:55 | Create | Villager (Male) |
| 12:28 | Build | Mining Camp |
| 13:32 | Create | Villager (Male) |
| 13:32 | Create | Villager (Male) |
| 13:32 | Create | Villager (Male) |
| 13:33 | Create | Villager (Male) |
| 13:44 | Build | Farm |
| 13:45 | Build | Farm |
| 14:18 | Build | House |
| 14:21 | Build | House |
| 14:24 | Build | House |
| 14:29 | Build | House |
| 14:35 | Build | House |
| 14:41 | Build | House |
| 14:44 | Build | House |
| 14:48 | Build | House |
| 15:15 | Build | House |
| 15:20 | Build | House |
| 15:27 | Build | House |
| 15:34 | Build | Palisade Gate |
| 15:37 | Create | Villager (Male) |
| 15:37 | Create | Villager (Male) |
| 15:37 | Create | Villager (Male) |
| 15:38 | Create | Villager (Male) |
| 16:17 | Build | Mill |
| 16:24 | Research | Castle Age |
| 16:29 | Build | Farm |
| 16:41 | Research | Horse Collar |
| 16:47 | Research | Double-Bit Axe |
| 17:14 | Build | Blacksmith |
| 17:30 | Build | Barracks |
| 18:04 | Build | Market |
| 18:58 | Create | Militia |
| 18:58 | Create | Militia |
| 19:01 | Build | Barracks |
| 19:14 | Create | Villager (Male) |
| 19:14 | Create | Villager (Male) |
| 19:14 | Create | Villager (Male) |
| 20:08 | Create | Militia |
| 20:08 | Create | Militia |
| 21:07 | Build | Castle |
| 21:14 | Create | Villager (Male) |
| 21:14 | Create | Villager (Male) |
| 21:14 | Create | Villager (Male) |
| 21:14 | Create | Villager (Male) |
| 21:25 | Build | Mining Camp |
| 21:26 | Create | Villager (Male) |
| 21:27 | Create | Villager (Male) |
| 22:20 | Build | Siege Workshop |
| 22:47 | Build | Town Center |
| 22:50 | Create | Villager (Male) |
| 22:50 | Create | Villager (Male) |
| 22:50 | Create | Villager (Male) |
| 23:21 | Create | Scorpion |
| 23:29 | Create | Villager (Male) |
| 23:29 | Create | Villager (Male) |
| 23:29 | Create | Villager (Male) |
| 23:44 | Create | Villager (Male) |
| 23:45 | Create | Villager (Male) |
| 23:45 | Create | Villager (Male) |
| 23:57 | Create | Scorpion |
| 24:04 | Build | Farm |
| 24:07 | Create | Villager (Male) |
| 24:08 | Create | Villager (Male) |
| 24:08 | Create | Villager (Male) |
| 24:08 | Create | Villager (Male) |
| 24:55 | Create | Ballista Elephant |
| 25:01 | Create | Scorpion |
| 25:26 | Create | Ballista Elephant |
| 25:42 | Create | Mangonel |
| 27:17 | Create | Villager (Male) |
| 27:18 | Create | Villager (Male) |
| 27:18 | Create | Villager (Male) |
| 27:18 | Create | Villager (Male) |
| 27:18 | Create | Villager (Male) |
| 27:35 | Create | Scorpion |
| 27:35 | Create | Scorpion |
| 28:01 | Build | Farm |
| 28:02 | Build | Farm |
| 28:03 | Build | Farm |
| 28:05 | Build | Farm |
| 28:06 | Build | Farm |
| 28:08 | Build | Farm |
| 28:12 | Build | Farm |
| 28:13 | Build | Farm |
| 28:14 | Build | Farm |
| 28:15 | Build | Farm |
| 28:18 | Build | Farm |
| 28:20 | Build | Farm |
| 28:23 | Build | Farm |
| 28:33 | Create | Mangonel |
| 28:34 | Create | Mangonel |
| 28:38 | Create | Villager (Male) |
| 28:53 | Build | Town Center |
| 29:53 | Create | Mangonel |
| 29:53 | Create | Mangonel |
| 30:20 | Build | Farm |
| 30:48 | Create | Villager (Male) |
| 30:48 | Create | Villager (Male) |
| 30:49 | Create | Villager (Male) |
| 30:51 | Create | Villager (Male) |
| 30:51 | Create | Villager (Male) |
| 30:51 | Create | Villager (Male) |
| 30:51 | Create | Villager (Male) |
| 30:52 | Create | Villager (Male) |
| 30:52 | Create | Villager (Male) |
Build order — Prabroro
First 150 of 306 actions detected
| 0:05 | Build | House |
| 0:07 | Build | House |
| 0:09 | Create | Villager (Male) |
| 0:10 | Create | Villager (Male) |
| 0:10 | Create | Villager (Male) |
| 0:11 | Create | Villager (Male) |
| 0:24 | Create | Villager (Male) |
| 0:25 | Create | Villager (Male) |
| 1:54 | Build | Lumber Camp |
| 2:18 | Create | Villager (Male) |
| 2:18 | Create | Villager (Male) |
| 2:56 | Create | Villager (Male) |
| 3:13 | Build | House |
| 3:17 | Create | Villager (Male) |
| 3:28 | Create | Villager (Male) |
| 4:20 | Create | Villager (Male) |
| 4:20 | Create | Villager (Male) |
| 4:26 | Build | Mill |
| 4:53 | Create | Villager (Male) |
| 5:03 | Create | Villager (Male) |
| 5:44 | Build | House |
| 5:47 | Create | Villager (Male) |
| 5:48 | Create | Villager (Male) |
| 6:48 | Create | Villager (Male) |
| 7:22 | Create | Villager (Male) |
| 7:25 | Research | Loom |
| 8:24 | Research | Feudal Age |
| 8:37 | Build | House |
| 8:42 | Build | House |
| 9:41 | Build | Barracks |
| 9:49 | Create | Villager (Male) |
| 9:49 | Create | Villager (Male) |
| 9:50 | Create | Villager (Male) |
| 10:03 | Build | Farm |
| 10:11 | Create | Villager (Male) |
| 10:12 | Create | Villager (Male) |
| 10:12 | Create | Villager (Male) |
| 10:18 | Build | Farm |
| 10:23 | Build | Farm |
| 10:27 | Age | Feudal Age |
| 10:35 | Build | Blacksmith |
| 10:55 | Build | Farm |
| 10:59 | Research | Double-Bit Axe |
| 11:11 | Build | Farm |
| 11:23 | Build | Archery Range |
| 11:32 | Build | Farm |
| 11:35 | Create | Villager (Male) |
| 11:36 | Create | Villager (Male) |
| 11:42 | Build | Farm |
| 12:00 | Build | House |
| 12:14 | Build | Farm |
| 12:25 | Build | Lumber Camp |
| 12:53 | Build | House |
| 13:08 | Build | Mining Camp |
| 13:32 | Create | Villager (Male) |
| 13:32 | Create | Villager (Male) |
| 13:36 | Build | House |
| 13:52 | Build | Farm |
| 14:08 | Build | House |
| 14:11 | Build | House |
| 14:14 | Create | Villager (Male) |
| 14:20 | Research | Horse Collar |
| 14:27 | Build | Farm |
| 14:50 | Build | House |
| 14:59 | Create | Villager (Male) |
| 15:02 | Create | Villager (Male) |
| 15:29 | Build | Farm |
| 15:42 | Build | House |
| 15:47 | Create | Villager (Male) |
| 15:53 | Create | Villager (Male) |
| 16:06 | Build | Farm |
| 16:08 | Create | Villager (Male) |
| 16:22 | Build | House |
| 16:41 | Build | Farm |
| 16:52 | Build | House |
| 17:01 | Create | Villager (Male) |
| 17:04 | Build | Farm |
| 17:20 | Research | Castle Age |
| 17:27 | Build | House |
| 17:53 | Build | Archery Range |
| 18:13 | Build | Archery Range |
| 18:27 | Research | Gold Mining |
| 18:35 | Research | Stone Mining |
| 18:43 | Build | Mining Camp |
| 19:09 | Research | Scale Mail Armor |
| 19:12 | Research | Forging |
| 19:22 | Research | Padded Archer Armor |
| 19:23 | Research | Fletching |
| 19:49 | Age | Castle Age |
| 19:56 | Build | Monastery |
| 20:00 | Build | Monastery |
| 20:07 | Create | Villager (Male) |
| 20:08 | Create | Villager (Male) |
| 20:08 | Create | Villager (Male) |
| 20:24 | Build | Town Center |
| 20:36 | Create | Villager (Male) |
| 20:36 | Create | Villager (Male) |
| 20:37 | Create | Villager (Male) |
| 20:43 | Build | Farm |
| 20:47 | Create | Villager (Male) |
| 20:47 | Create | Villager (Male) |
| 21:13 | Create | Monk |
| 21:13 | Create | Monk |
| 21:14 | Create | Monk |
| 21:22 | Create | Villager (Male) |
| 21:22 | Create | Villager (Male) |
| 21:38 | Create | Villager (Male) |
| 21:38 | Create | Villager (Male) |
| 22:04 | Create | Villager (Male) |
| 22:05 | Create | Villager (Male) |
| 22:05 | Create | Villager (Male) |
| 22:06 | Create | Villager (Male) |
| 22:19 | Create | Monk |
| 22:19 | Create | Monk |
| 22:24 | Create | Villager (Male) |
| 22:24 | Create | Villager (Male) |
| 22:44 | Research | Gold Shaft Mining |
| 22:49 | Research | Bow Saw |
| 23:25 | Create | Monk |
| 23:38 | Create | Villager (Male) |
| 23:38 | Create | Villager (Male) |
| 23:39 | Create | Villager (Male) |
| 23:45 | Build | House |
| 23:47 | Build | House |
| 23:49 | Build | House |
| 24:02 | Create | Villager (Male) |
| 24:04 | Create | Villager (Male) |
| 24:19 | Build | Castle |
| 24:27 | Create | Villager (Male) |
| 24:47 | Build | Stable |
| 24:50 | Build | Stable |
| 24:52 | Build | Stable |
| 25:14 | Create | Villager (Male) |
| 25:15 | Create | Villager (Male) |
| 25:15 | Create | Villager (Male) |
| 25:41 | Build | House |
| 25:42 | Build | House |
| 25:47 | Build | House |
| 26:25 | Create | Monk |
| 26:39 | Create | Villager (Male) |
| 26:40 | Create | Villager (Male) |
| 26:40 | Create | Villager (Male) |
| 26:49 | Create | Villager (Male) |
| 26:50 | Create | Villager (Male) |
| 26:50 | Create | Villager (Male) |
| 26:51 | Create | Villager (Male) |
| 26:56 | Build | Farm |
| 27:04 | Build | Farm |
| 27:08 | Build | Farm |
| 27:12 | Research | Heavy Plow |
Match timeline
| 8:40 | DrLegend · first_building Barracks |
| 9:41 | Prabroro · first_building Barracks |
| 10:27 | Prabroro · age_up feudal |
| 10:56 | sxmyaiuttj · age_up feudal |
| 11:23 | Prabroro · first_building Archery Range |
| 12:07 | DrLegend · age_up feudal |
| 17:12 | sxmyaiuttj · first_market_sell 100 food |
| 17:18 | sxmyaiuttj · first_market_buy 100 stone |
| 17:30 | XSoro2511 · first_building Barracks |
| 17:53 | sxmyaiuttj · age_up castle |
| 18:56 | sxmyaiuttj · first_building Castle |
| 18:58 | DrLegend · first_building Archery Range |
| 19:22 | sxmyaiuttj · wall_segment Palisade Wall x4 |
| 19:31 | sxmyaiuttj · first_building Barracks |
| 19:39 | sxmyaiuttj · wall_segment Palisade Wall x3 |
| 19:46 | sxmyaiuttj · wall_segment Palisade Wall x6 |
| 19:49 | Prabroro · age_up castle |
| 19:56 | Prabroro · first_building Monastery |
| 20:52 | XSoro2511 · first_market_buy 100 stone |
| 20:54 | XSoro2511 · first_market_sell 100 wood |
| 21:07 | XSoro2511 · first_building Castle |
| 21:15 | DrLegend · first_market_sell 100 wood |
| 21:18 | DrLegend · first_market_buy 100 food |
| 21:53 | sxmyaiuttj · first_building Siege Workshop |
| 22:20 | XSoro2511 · first_building Siege Workshop |
| 24:19 | Prabroro · first_building Castle |
| 24:47 | Prabroro · first_building Stable |
| 25:29 | DrLegend · age_up castle |
| 26:48 | DrLegend · first_building Castle |
| 29:42 | Prabroro · first_building Siege Workshop |
| 29:44 | DrLegend · first_building Monastery |
| 30:19 | DrLegend · first_building Siege Workshop |
| 40:24 | sxmyaiuttj · resign |
| 40:37 | Prabroro · age_up imperial |
[ AI ANALYSIS · 1 CREDIT ]
What really happened in this match?
Wolo.gg analyzes every decision: build order, eco, micro, common mistakes by bracket. Personalized analysis on WhatsApp or Discord in 30 seconds.
Civ guide
Wei
Perfil
Jugador #23960749